 Dungeon Crawl Stone Soup version 0.18.1-48-g4cf74bf (webtiles) character file.

15 Gargoyl the Skirmisher (level 2, -2/24 HPs)
             Began as a Demonspawn Abyssal Knight on July 13, 2016.
             Was a Follower of Lugonu.
             Slain by a worm (7 damage)
             ... on level 2 of the Dungeon.
             The game lasted 00:02:11 (1147 turns).

Gargoyl the Skirmisher (Demonspawn Abyssal Knight)  Turns: 1147, Time: 00:02:11

Health: -2/24      AC:  8    Str: 12    XL:     2   Next: 34%
Magic:  3/3        EV:  5    Int: 13    God:    Lugonu [*.....]
Gold:   65         SH:  0    Dex: 12    Spells: 0 memorised, 1 level left

rFire  . . .     SeeInvis +     a - +1 hand axe
rCold  . . .     Gourm    .     n - +0 chain mail
rNeg   . . .     Faith    .     (no shield)
rPois  .         Spirit   .     (helmet restricted)
rElec  .         Dismiss  .     (no cloak)
rCorr  .         Reflect  .     (no gloves)
SustAt .         Harm     .     (no boots)
MR     .....                    (no amulet)
Stlth  ..........               (no ring)
                                e - ring of see invisible

@: not resistant to hostile enchantments, extremely unstealthy
A: horns 1
a: Depart the Abyss, Renounce Religion


You were on level 2 of the Dungeon.
You worshipped Lugonu.
Lugonu was aware of your devotion.
You were hungry.

You visited 1 branch of the dungeon, and saw 2 of its levels.
You visited the Abyss 1 time.

You collected 65 gold pieces.

Inventory:

Hand Weapons
 a - a +1 hand axe (weapon)
Armour
 n - a +0 chain mail (worn)
Jewellery
 e - a ring of see invisible (left hand)
Scrolls
 b - a scroll of remove curse {unknown}
 d - 2 scrolls of identify {unknown}
 g - 3 scrolls of noise {unknown}
 j - 2 scrolls of enchant armour {unknown}
Potions
 h - a potion of flight {unknown}
 i - a potion of curing {unknown}
 k - a potion of berserk rage {unknown}
 l - a potion of might {unknown}
Comestibles
 c - a bread ration
 f - a meat ration
 m - a slice of pizza


   Skills:
 + Level 3.4 Fighting
 + Level 1.9 Axes
 * Level 2.0 Armour
 + Level 1.0 Dodging
 + Level 2.5 Invocations


You had one spell level left.
You didn't know any spells.

Dungeon Overview and Level Annotations

Branches:
Dungeon (2/15)

Altars:


Innate Abilities, Weirdness & Mutations

You have a pair of small horns on your head.


Message History

You hit the worm but do no damage.
You headbutt the worm, but do no damage.
The worm is heavily wounded.
The worm bites you.
You hit the worm.
The worm is heavily wounded.
The worm bites you but does no damage.
You hit the worm.
The worm is heavily wounded.
You hit the worm.
The worm is severely wounded.
The worm bites you but does no damage.
You hit the worm. You headbutt the worm.
The worm is almost dead.
The worm bites you.
* * * LOW HITPOINT WARNING * * *
You hit the worm but do no damage. Your headbutt misses the worm.
The worm is almost dead.
The worm bites you!
You die...

... ... ... #.# #.# #.#
#.########.#############
......w@†...............
#.#####.##.............#
#.##############.#
#######'### #.#####.#
..........# #.......#
..........######'#######
..........##............
...............>........
........................


You could see a worm.

Vanquished Creatures
  4 goblins
  A ball python (D:1)
  2 giant newts
  7 kobolds (D:1)
  3 rats (D:1)
17 creatures vanquished.

Notes
Turn   | Place    | Note
--------------------------------------------------------------
     0 | Abyss:1  | Gargoyl the Demonspawn Abyssal Knight began the quest for the Orb.
     0 | Abyss:1  | Reached XP level 1. HP: 18/18 MP: 2/2
    15 | Abyss:1  | Found a radiant altar of Vehumet.
    31 | Abyss:1  | Noticed a titan zombie
    76 | Abyss:1  | Noticed a small abomination
   124 | Abyss:2  | Noticed a thrashing horror
   124 | D:1      | Escaped the Abyss
   731 | D:1      | Reached * piety under Lugonu
   731 | D:1      | Reached skill level 1 in Dodging
   731 | D:1      | Gained mutation: You have a pair of small horns on your head. [demonic ancestry]
   731 | D:1      | Reached XP level 2. HP: 24/24 MP: 3/3
  1147 | D:2      | Slain by a worm

Skill      XL: |  1  2 |
---------------+-------+-----
Dodging        | 1 |  1.0
Armour         | 2 |  2.0
Fighting       | |  3.4
Axes           | |  1.9
Invocations    | |  2.5

Action                   || total
-------------------------++-------
Melee: Hand axe          ||    54
       Headbutt          ||     3
Invok: Depart the Abyss  ||     1
Armor: Leather armour    ||     8
       Chain mail        ||     9
       Scale mail        ||     2
Dodge: Dodged            ||    22
